 Dungeon Crawl Stone Soup version 0.28.0-53-g5a82cb258f (webtiles) character file.

Game seed: 128329739600942535

143 SanguineChosen the Vexing (level 5, 0/40 HPs)
             Began as a Gnoll Arcane Marksman on June 3, 2022.
             Slain by an iguana (8 damage)
             ... on level 4 of the Dungeon.
             The game lasted 00:34:52 (4580 turns).

SanguineChosen the Vexing (Gnoll Arcane Marksman)   Turns: 4580, Time: 00:34:53

Health: 0/40       AC:  5    Str:  9    XL:     5   Next: 25%
Magic:  7/9        EV: 14    Int: 13    God:
Gold:   84         SH:  0    Dex: 14    Spells: 9/10 levels left

rFire   . . .      SeeInvis .   f - +0 short sword
rCold   . . .      Faith    .   (no shield)
rNeg    . . .      Spirit   .   a - +0 robe
rPois   .          Reflect  .   n - +0 helmet
rElec   .          Harm     .   (no cloak)
rCorr   .          Rampage  .   (no gloves)
Will    .....                   k - +1 pair of boots
Stlth   ++........              (no amulet)
HPRegen 0.13/turn               (no ring)
MPRegen 0.11/turn               (no ring)

@: very slightly contaminated
A: fangs 1, strong nose, distributed training
a: no special abilities


You were on level 4 of the Dungeon.
You visited 1 branch of the dungeon, and saw 4 of its levels.

You collected 84 gold pieces.

Inventory:

Hand Weapons
 f - a +0 short sword (weapon)
Missiles
 e - 7 poisoned darts (quivered)
Armour
 a - a +0 robe (worn)
 g - a +0 kite shield
 k - a +1 pair of boots (worn)
 n - a +0 helmet (worn)
Scrolls
 h - 3 scrolls of identify {unknown}
 i - a scroll of enchant weapon {unknown}
 j - 2 scrolls of fear {unknown}
 l - a scroll of immolation {unknown}
 m - a scroll of magic mapping {unknown}
 o - a scroll of torment {unknown}
 q - a scroll of teleportation {unknown}
 r - a scroll of fog {unknown}
Potions
 d - 2 potions of berserk rage {unknown}
 p - a potion of degeneration {unknown}


   Skills:
 + Level 2.9 Fighting
 + Level 1.4 Short Blades
 + Level 1.4 Long Blades
 + Level 1.4 Axes
 + Level 1.4 Maces & Flails
 + Level 1.4 Polearms
 + Level 1.4 Staves
 + Level 1.4 Slings
 + Level 1.4 Bows
 + Level 1.4 Crossbows
 + Level 4.7 Throwing
 + Level 1.4 Armour
 + Level 4.7 Dodging
 + Level 1.4 Stealth
 + Level 1.4 Shields
 + Level 1.4 Unarmed Combat
 + Level 3.1 Spellcasting
 + Level 1.1 Conjurations
 + Level 5.5 Hexes
 + Level 1.1 Summonings
 + Level 1.1 Necromancy
 + Level 1.1 Translocations
 + Level 1.1 Transmutations
 + Level 1.1 Fire Magic
 + Level 1.1 Ice Magic
 + Level 1.1 Air Magic
 + Level 1.1 Earth Magic
 + Level 1.1 Poison Magic
 + Level 1.6 Invocations
 + Level 1.4 Evocations


You had 9 spell levels left.
You knew the following spells:

 Your Spells              Type           Power      Damage    Failure   Level
a - Slow                  Hex            64%        N/A       2%          1

Your spell library contained the following spells:

 Spells                   Type           Power      Damage    Failure   Level
 Inner Flame              Hex/Fire       10%        N/A       17%         3
 Portal Projectile        Hex/Tloc       20%        N/A       17%         3
 Cause Fear               Hex            8%         N/A       22%         4
 Alistair's Intoxication  Tmut/Pois      3%         N/A       98%         5
 Borgnjor's Vile Clutch   Necr/Erth      2%         N/A       98%         5
 Eringya's Noxious Bog    Tmut/Pois      2%         N/A       100%        6


Dungeon Overview and Level Annotations

Branches:
Dungeon (4/15)
 Temple: D:4-7

Altars:
Dithmenos


Innate Abilities, Weirdness & Mutations

You have very sharp teeth.
Your uncanny sense of smell can sniff out nearby items.
Your experience applies equally to all skills.


Message History

Press: ? - help, Shift-Dir - straight line, f - hound
Aim: a hound (chance to affect: 64%)
You miscast Slow.
You are very lightly contaminated with residual magic.
Nothing appears to happen.
The hound bites you but does no damage. The iguana bites you!
Throw: throwing net
Press: ? - help, Q - select action, (/) - cycle Shift-Dir - straight line, f/p - hound
Aim: a hound (51% to hit)
You throw a throwing net. The throwing net hits the hound.
The hound is caught in the net!
The hound struggles against the net. x2
Throw: 9 darts (poison)
Press: ? - help, Q - select action, (/) - cycle Shift-Dir - straight line, f/p - hound
Aim: a hound (entangled in a net, 86% to hit)
You throw a poisoned dart. The poisoned dart hits the hound.
The hound is poisoned.
The iguana bites you but does no damage.
The hound struggles against the net.
You hit the hound but do no damage.
The hound struggles against the net.
The iguana closely misses you.
You hit the hound.
The hound is moderately wounded.
The hound struggles against the net.
The net rips apart, and the hound comes free!
The hound barely misses you. The iguana completely misses you.
You hit the hound.
The hound is severely wounded.
The hound stops to sniff the ground.
The hound closely misses you.
Throw: 8 darts (poison)
Press: ? - help, Q - select action, (/) - cycle Shift-Dir - straight line, f - hobgoblin, p - hound
Aim: a hobgoblin (62% to hit)
You throw a poisoned dart.
The poisoned dart closely misses the hound.
The poisoned dart barely misses the hobgoblin.
The hound bites you.
* * * LOW HITPOINT WARNING * * *
The iguana bites you!
You die...

# #. .## #### ..
#.... # #.
#.....
#.#.#.####..#$$#
#.......@hg.(# ∆
#.....<..l..$# ∆
#.......##..#$$#
#......<# #.....
#.#+#+### #....
# ####


You could see an iguana (slow), a hound (poisoned) and a hobgoblin.

Vanquished Creatures
  7 adders
  An ufetubus (D:3)
  A worm (D:2)
  3 dart slugs
  4 ball pythons
  8 endoplasms
  2 giant cockroaches (D:1)
  4 goblins
  7 hobgoblins
  3 jackals
  6 quokkas
  2 bats (D:1)
  5 frilled lizards
  6 kobolds
  4 rats
  A bush (D:1)
64 creatures vanquished.

Vanquished Creatures (others)
  A plant (D:1)
1 creature vanquished.

Grand Total: 65 creatures vanquished

Notes
Turn   | Place    | Note
-------+----------+-------------------------------------------
     0 | D:1      | SanguineChosen the Gnoll Arcane Marksman began the quest
                  | for the Orb.
     0 | D:1      | Reached XP level 1. HP: 17/17 MP: 4/4
   262 | D:1      | Reached XP level 2. HP: 20/23 MP: 5/5
  1546 | D:1      | Reached XP level 3. HP: 28/28 MP: 7/7
  2382 | D:2      | Found a faded altar of an unknown god.
  2500 | D:2      | Reached skill level 1 in Invocations
  2831 | D:2      | Reached skill level 1 in Short Blades
  2831 | D:2      | Reached skill level 1 in Long Blades
  2831 | D:2      | Reached skill level 1 in Axes
  2831 | D:2      | Reached skill level 1 in Maces & Flails
  2831 | D:2      | Reached skill level 1 in Polearms
  2831 | D:2      | Reached skill level 1 in Staves
  2831 | D:2      | Reached skill level 1 in Slings
  2831 | D:2      | Reached skill level 1 in Bows
  2831 | D:2      | Reached skill level 1 in Crossbows
  2831 | D:2      | Reached skill level 1 in Armour
  2831 | D:2      | Reached skill level 1 in Stealth
  2831 | D:2      | Reached skill level 1 in Shields
  2831 | D:2      | Reached skill level 1 in Unarmed Combat
  2831 | D:2      | Reached skill level 1 in Evocations
  3172 | D:3      | Reached XP level 4. HP: 34/34 MP: 5/8
  3344 | D:3      | Found a shadowy altar of Dithmenos.
  3655 | D:3      | Reached skill level 1 in Conjurations
  3655 | D:3      | Reached skill level 1 in Summonings
  3655 | D:3      | Reached skill level 1 in Necromancy
  3655 | D:3      | Reached skill level 1 in Translocations
  3655 | D:3      | Reached skill level 1 in Transmutations
  3655 | D:3      | Reached skill level 1 in Fire Magic
  3655 | D:3      | Reached skill level 1 in Ice Magic
  3655 | D:3      | Reached skill level 1 in Air Magic
  3655 | D:3      | Reached skill level 1 in Earth Magic
  3655 | D:3      | Reached skill level 1 in Poison Magic
  4128 | D:3      | Reached XP level 5. HP: 21/40 MP: 5/9
  4580 | D:4      | Slain by an iguana

Illustrated notes

Levels and vault maps discovered:
D:1:      sevenhm_arrival_forest_fort_small_4, layout_basic,
          minmay_misc_feat_square, hangedman_decor_slide_cut
D:2:      layout_loops_ring, ebering_ecumenical_altar_hall,
          kennysheep_generic_room_6
D:3:      layout_rooms, grunt_dithmenos_smoke, minmay_fractal_squares_diagonal_5
D:4:      minmay_polygon_palace, layout_basic, mainiacjoe_overflow_alcove_4,
          lemuel_tele_altar, minmay_box_of_dots, uniq_robin, uniq_duvessa,
          uniq_eustachio

Skill      XL: |  1  2  3  4 |
---------------+-------------+-----
Invocations    | 1 |  1.6
Short Blades   | 1 |  1.4
Long Blades    | 1 |  1.4
Axes           | 1 |  1.4
Maces & Flails | 1 |  1.4
Polearms       | 1 |  1.4
Staves         | 1 |  1.4
Slings         | 1 |  1.4
Bows           | 1 |  1.4
Crossbows      | 1 |  1.4
Armour         | 1 |  1.4
Stealth        | 1 |  1.4
Shields        | 1 |  1.4
Unarmed Combat | 1 |  1.4
Evocations     | 1 |  1.4
Spellcasting   | 3 |  3.1
Conjurations   | 1 |  1.1
Summonings     | 1 |  1.1
Necromancy     | 1 |  1.1
Translocations | 1 |  1.1
Transmutations | 1 |  1.1
Fire Magic     | 1 |  1.1
Ice Magic      | 1 |  1.1
Air Magic      | 1 |  1.1
Earth Magic    | 1 |  1.1
Poison Magic   | 1 |  1.1
Fighting       | |  2.9
Throwing       | |  4.7
Dodging        | |  4.7
Hexes          | |  5.5

Action                   |  1- 3 |  4- 6 || total
-------------------------+-------+-------++-------
Melee: Unarmed           |     7 |       ||     7
       Short sword       |   619 |    77 ||   696
       Bite              |    67 |    15 ||    82
       Punch             |    10 |     5 ||    15
Throw: Javelin           |    17 |    12 ||    29
       Throwing net      |       |     3 ||     3
       Dart              |       |     2 ||     2
 Cast: Slow              |    18 |    16 ||    34
 Stab: Sleeping          |     1 |       ||     1
       Held in net/web   |       |     1 ||     1
Armor: Robe              |    40 |    28 ||    68
Dodge: Dodged            |   102 |    76 ||   178
